Unix NetHack Version 5.0.0-0 post-release - last build Jul 19 2026 19:10:59 (3aa4ab31751d3886436d94b585a96704892fd477,branch:main).

Game began 2026-07-30 13:38:04, ended 2026-07-30 13:43:31.

Fendoran, lawful male human Archeologist

                  ---
        ----     --.---
 --------..|     |....--
 |.....|..---------....|
 |..--.................|
 |..-----..-------.....--
 --..|           ... ...|.
  --.|                ....
  --..                 ...
  |...                 .<.
  --)..                ...
   |.G-.
   --@*.
    ----

Fendoran the Digger        St:12 Dx:10 Co:13 In:14 Wi:12 Ch:14  Lawful
Dlvl:3  $:14 HP:0(13) Pw:3(3) AC:9  Xp:1 T:453  Conf

Latest messages:
 You swap places with Boby2.
 A gush of water hits you!
 This door is locked.
 This door is locked.
 This door is locked.
 This door is locked.
 This door is locked.
 In what direction? 6
 As you kick the door, it crashes open!
 A gush of water hits Boby2 on the head!
 With great effort you move the boulder.
 You try to move the boulder, but in vain.
 You swap places with Boby2.
 A gush of water hits Boby2!
 You descend the stairs.
 You hear some noises.
 You hear some noises in the distance.
 It is hit.
 It is destroyed!
 You see here a dagger.
 r - a dagger.
 You see here a key.
 s - a key.
 You hear crashing rock.
 A dagger misses you.
 You see here a dagger.
 r - a dagger (2 in total).
 You are almost hit by a dagger.
 You swap places with Boby2.
 The gnome hits!
 You lash the gnome.
 The gnome hits!
 You lash the gnome.
 You hear some noises.
 You kill the gnome!
 You see here 2 white gems.
 t - 2 white gems.
 What do you want to drink? [p or ?*] p
 Huh, What?  Where am I?
 What do you want to use or apply? [ae-hkos or ?*] g
 What do you want to rub on the stone? [$t or ?*] t
 t - 2 worthless pieces of white glass.
 You are hit by a cream pie.
 Yecch!  You've been creamed.
 What do you want to drop? [$a-oq-t or ?*] t
 You drop 2 worthless pieces of white glass.
 You can see again.
 The gnome lord hits!
 You die...
 Do you want your possessions identified? [ynq] (y) q

Inventory:
 Coins    ('$')
  $ - 14 gold pieces
 Weapons  (')')
  j - 8 blessed +2 arrows
  n - 7 +0 arrows
  q - a +0 sling
  r - 2 cursed -1 daggers
  a - a +2 bullwhip (weapon in right hand)
 Armor    ('[')
  c - an uncursed +0 fedora (being worn)
  b - an uncursed +0 leather jacket (being worn)
 Comestibles  ('%')
  d - 3 uncursed food rations
  m - 2 cursed rotten tins of jackal meat
 Rings    ('=')
  i - an uncursed -1 ring of adornment
 Tools    ('(')
  h - an empty uncursed sack
  e - a +0 pick-axe (alternate weapon; not wielded)
  s - an uncursed skeleton key
  k - a cursed tin whistle
  f - a tinning kit (0:70)
  o - an uncursed towel
 Gems/Stones  ('*')
  l - an uncursed amethyst stone
  g - an uncursed touchstone

Fendoran the Archeologist's attributes:

Background:
 You were a Digger, a level 1 male human Archeologist.
 You were lawful, on a mission for Quetzalcoatl
 who was opposed by Camaxtli (neutral) and Huhetotl (chaotic).
 You were right-handed.
 You were in the Gnomish Mines, on level 3.
 You entered the dungeon 453 turns ago.
 There was a full moon in effect when your adventure ended.
 You had 17 experience points, 3 more were needed to attain level 2.

Basics:
 You had 0 out of 13 hit points.
 You had all 3 energy points (spell power).
 Your armor class was 9.
 Your wallet contained 14 zorkmids.
 Autopickup was off.

Final Characteristics:
 Your strength was 12 (limit:18/100).
 Your dexterity was 10 (limit:18).
 Your constitution was 13 (limit:18).
 Your intelligence was 14 (limit:18).
 Your wisdom was 12 (limit:18).
 Your charisma was 14 (limit:18).

Final Status:
 You were confused.
 You weren't hungry.
 You were unencumbered.
 You were wielding a whip.
 You had basic skill with whip.

Final Attributes:
 You were fervently aligned.
 You had automatic searching.
 You were lucky.
 You are dead.

Miscellaneous:
 You didn't encounter any bones levels.
 Total elapsed playing time was 5 minutes and 25 seconds.

Major events:
 Turn
    1: Fendoran the lawful male human Archeologist entered the dungeon
  372: entered the Gnomish Mines
  453: killed by a gnome lord

You didn't know any spells.

Skills:
 Fighting Skills
   bare handed combat [Unskilled]
   two weapon combat  [Unskilled]
   riding             [Unskilled]
 Weapon Skills
   dagger             [Unskilled]
   knife              [Unskilled]
   pick-axe           [Basic]
   short sword        [Unskilled]
   saber              [Unskilled]
   club               [Unskilled]
   quarterstaff       [Unskilled]
   sling              [Unskilled]
   dart               [Unskilled]
   boomerang          [Unskilled]
   whip               [Basic]
   unicorn horn       [Unskilled]
 Spellcasting Skills
   attack spells      [Unskilled]
   healing spells     [Unskilled]
   divination spells  [Unskilled]
   matter spells      [Unskilled]

Voluntary challenges:
 Character rerolling was not enabled.
 You were an atheist.
 You were illiterate.
 You never genocided any monsters.
 You never polymorphed an object.
 You never changed form.
 You used no wishes.
Achievement:
 You entered the Gnomish Mines.

 The Dungeons of Doom: levels 1 to 2
    Level 1:
       A fountain.
    Level 2:
       Stairs down to The Gnomish Mines.
 The Gnomish Mines:
    Level 3: <- You were here.
       Final resting place for
          you, killed by a gnome lord.


Vanquished creatures:
  a dwarf
  4 gnomes
  2 foxes
  2 kobold zombies
  2 newts
11 creatures vanquished.

No species were genocided or became extinct.

Game over:
                       ----------
                      /          \
                     /    REST    \
                    /      IN      \
                   /     PEACE      \
                  /                  \
                  |     Fendoran     |
                  |      14 Au       |
                  |   killed by a    |
                  |    gnome lord    |
                  |                  |
                  |                  |
                  |       2026       |
                 *|     *  *  *      | *
        _________)/\\_//(\/(/\)/\//\/|_)_______

Goodbye Fendoran the Archeologist...

You died in The Gnomish Mines on dungeon level 3 with 191 points,
and 14 pieces of gold, after 453 moves.
You were level 1 with a maximum of 13 hit points when you died.

